 Dungeon Crawl Stone Soup version 0.30.0-17-ge0270778cf (webtiles) character file.

Game seed: 10564766146186126811

3326 browni3141 the Fighter (level 10, -4/107 HPs)
             Began as an Ogre Warper on May 22, 2023.
             Was a Priest of Okawaru.
             Slain by a killer bee (8 damage)
             ... on level 9 of the Dungeon.
             The game lasted 00:14:41 (11422 turns).

browni3141 the Fighter (Ogre Warper)               Turns: 11422, Time: 00:14:42

Health: -4/107     AC:  4    Str: 27    XL:     10   Next: 2%
Magic:  13/28      EV: 10    Int: 18    God:    Okawaru [***...]
Gold:   439        SH:  0    Dex:  8    Spells: 6/21 levels left

rFire   . . .        a - +2 whip (elec)
rCold   . . .        (no shield)
rNeg    . . .        A - +1 robe of Perpetual Drought {Str+6 Int-2}
rPois   .            (helmet restricted)
rElec   .            (no cloak)
rCorr   .            (gloves unavailable)
SInv    .            (boots unavailable)
Will    +....        w - amulet of the acrobat
Stlth   ++           V - +6 ring of intelligence
HPRegen 0.37/turn    E - ring of magical power
MPRegen 0.21/turn

%: acrobat
@: no status effects
A: large, unfitting armour, tough skin 1
a: Renounce Religion, Heroism


You were on level 9 of the Dungeon.
You worshipped Okawaru.
Okawaru was most pleased with you.
You visited 2 branches of the dungeon, and saw 10 of its levels.

You collected 439 gold pieces.

Inventory:

Hand Weapons
 a - a +2 whip of electrocution (weapon)
 b - a +0 flail of venom
 l - a +0 giant spiked club
 y - a +0 mace
 H - a +0 flail of holy wrath
 X - a +0 whip
Missiles
 T - 3 boomerangs (quivered)
Armour
 A - the +1 robe of Perpetual Drought (worn) {Str+6 Int-2}
   (You found it on level 2 of the Dungeon)

   Str:       It affects your strength (+6).
   Int:       It affects your intelligence (-2).
 R - a +0 robe
Magical Staves
 Y - a staff of earth
Jewellery
 w - an amulet of the acrobat (around neck)
 E - a ring of magical power (right hand)
 V - a +6 ring of intelligence (left hand)
Wands
 q - a wand of digging (4)
Scrolls
 m - a scroll of blinking
 o - a scroll of brand weapon {unknown}
 p - a scroll of poison {unknown}
 r - a scroll of enchant weapon {unknown}
 s - a scroll of enchant armour {unknown}
 t - a scroll of vulnerability {unknown}
 u - 3 scrolls of noise {unknown}
 v - 5 scrolls of summoning {unknown}
 F - 3 scrolls of identify {unknown}
 G - 2 scrolls of magic mapping {unknown}
 N - 3 scrolls of amnesia {unknown}
 O - 5 scrolls of fear {unknown}
 Q - 2 scrolls of fog {unknown}
 S - a scroll of immolation {unknown}
 Z - 8 scrolls of teleportation {unknown}
Potions
 n - a potion of magic {unknown}
 z - 2 potions of brilliance {unknown}
 B - a potion of lignification {unknown}
 C - a potion of curing
 D - 4 potions of attraction {unknown}
 I - 3 potions of degeneration {unknown}
 K - 2 potions of might {unknown}
 L - 3 potions of mutation {unknown}
 M - 3 potions of heal wounds {unknown}
 U - a potion of cancellation {unknown}
 W - a potion of resistance {unknown}


   Skills:
 + Level 9.3 Fighting
 * Level 8.7 Maces & Flails
 - Level 1.0 Throwing
 - Level 5.0 Dodging
 - Level 2.0 Stealth
 - Level 6.0 Spellcasting
 - Level 3.0 Translocations


You had 6 spell levels left.
You knew the following spells:

 Your Spells              Type           Power      Damage    Failure   Level
a - Vhi's Electric Charg  Tloc/Air       20%        N/A       19%         3
b - Manifold Assault      Tloc           16%        N/A       34%         4
l - Lesser Beckoning      Tloc           32%        N/A       5%          2
t - Teleport Other        Tloc           16%        N/A       11%         3
A - Apportation           Tloc           32%        N/A       3%          1
B - Blink                 Tloc           32%        N/A       5%          2

Your spell library contained the following spells:

 Spells                   Type           Power      Damage    Failure   Level
 Momentum Strike          Conj/Tloc      20%        3d8       10%         2
 Sting                    Tmut/Pois      20%        1d4       12%         1
 Poisonous Vapours        Pois/Air       10%        N/A       19%         2
 Olgreb's Toxic Radiance  Pois           5%         N/A       75%         4


Dungeon Overview and Level Annotations

Branches:
Dungeon (9/15)             Temple (1/1) D:4
   Lair: D:8-11         Orc: D:9-12

Altars:
Ashenzari
Cheibriados
Dithmenos
Elyvilon
Fedhas
Gozag
Hepliaklqana
Kikubaaqudgha
Makhleb
Nemelex Xobeh
Okawaru
Qazlal
Ru
Sif Muna
Trog
Uskayaw
Vehumet
Wu Jian
Xom
Yredelemnul
Zin
The Shining One

Annotations:
D:7 exclusion: vampire


Innate Abilities, Weirdness & Mutations

You are too large for most types of armour.
You have tough skin. (AC +1)


Message History

The killer bee stings you!
* * * LOW HITPOINT WARNING * * *
You are more poisoned.
The killer bee poisons you! The killer bee barely misses you. x2
You gain the combat prowess of a mighty hero.
* * * LOW HITPOINT WARNING * * *
You feel very sick. The killer bee stings you!
* * * LOW HITPOINT WARNING * * *
You are more poisoned.
The killer bee poisons you! The killer bee closely misses you.
Unknown command.
It was a potion of curing.
You feel better.
C - 6 potions of curing;
R - a +0 robe The killer bee buzzes angrily.
The killer bee completely misses you. The killer bee stings you.
* * * LOW HITPOINT WARNING * * *
You are poisoned.
The killer bee poisons you!
You feel better. The killer bee closely misses you.
The killer bee barely misses you.
You closely miss the killer bee.
The killer bee stings you but does no damage.
You whack the killer bee!
The killer bee is heavily wounded.
The killer bee stings you.
* * * LOW HITPOINT WARNING * * *
You are poisoned.
The killer bee poisons you!
You hit the killer bee.
The killer bee is heavily wounded.
You feel sick. The killer bee stings you.
* * * LOW HITPOINT WARNING * * *
You are lethally poisoned!
The killer bee poisons you!
You feel better. The killer bee closely misses you. x2
Unknown command.
Unknown command.
Casting: Blink (safe; 5% risk of failure)
Confirm with . or Enter, or press ? or * to list all spells.
Charge where?
Press: ? - help, Dir - move target, f - killer bee, p - killer bee
Aim: a killer bee (63% to hit)
You charge forward with an electric crackle!
You miss the killer bee. The killer bee stings you.
* * * LOW HITPOINT WARNING * * *
The killer bee closely misses you.
Casting: Vhi's Electric Charge (dangerous; 19% risk of failure)
Confirm with . or Enter, or press ? or * to list all spells.
Charge where?
Press: ? - help, Dir - move target, f - killer bee, p - killer bee
Aim: a killer bee (heavily wounded, 63% to hit)
You charge forward with an electric crackle!
You whack the killer bee and electrocute it!
You kill the killer bee!
Okawaru accepts your kill. The killer bee stings you!
* * * LOW HITPOINT WARNING * * *
You are lethally poisoned!
The killer bee poisons you!
You feel better. The killer bee stings you.
* * * LOW HITPOINT WARNING * * *
You are poisoned.
The killer bee poisons you!
The killer bee stings you but does no damage.
You feel better. The killer bee stings you.
* * * LOW HITPOINT WARNING * * *
You are poisoned.
The killer bee poisons you! The killer bee closely misses you.
You feel better.
You feel like a meek peon again. The killer bee closely misses you.
The killer bee stings you.
* * * LOW HITPOINT WARNING * * *
Okay, then.
Casting: Vhi's Electric Charge (dangerous; 19% risk of failure)
Confirm with . or Enter, or press ? or * to list all spells.
Aiming: Teleport Other (dangerous; 11% risk of failure)
Press: ? - help, Shift-Dir - straight line, f - killer bee
Aim: a killer bee (chance to affect: 64%)
The killer bee struggles to resist.
The killer bee stings you but does no damage.
The killer bee stings you.
* * * LOW HITPOINT WARNING * * *
Casting: Teleport Other (dangerous; 11% risk of failure)
Confirm with . or Enter, or press ? or * to list all spells.
Aiming: Teleport Other (dangerous; 11% risk of failure)
Press: ? - help, Shift-Dir - straight line, f/p - killer bee
Aim: a killer bee (chance to affect: 64%)
The killer bee struggles to resist.
The killer bee stings you.
* * * LOW HITPOINT WARNING * * *
The killer bee stings you but does no damage.
Casting: Teleport Other (dangerous; 11% risk of failure)
Confirm with . or Enter, or press ? or * to list all spells.
Aiming: Teleport Other (dangerous; 11% risk of failure)
Press: ? - help, Shift-Dir - straight line, f/p - killer bee
Aim: a killer bee (chance to affect: 64%)
The killer bee struggles to resist.
The killer bee stings you!
* * * LOW HITPOINT WARNING * * *
The killer bee stings you!
You die...

#########
#...@y<(#
#.#####(# #(#
#####(######.
#....y.......
#..##.##.##..
#. #.# # #
#.# ..#


You could see a killer bee.

Vanquished Creatures
  A two-headed ogre (D:8)
  A hornet (D:9)
  Prince Ribbit (D:8)
  A steam dragon (D:7)
  3 water moccasins
  An ice beast (D:5)
  A sky beast (D:7)
  A black bear (D:7)
  A phantom (D:3)
  2 centaurs
  2 bullfrogs (D:7)
  3 killer bees (D:9)
  2 howler monkeys
  A quasit (D:8)
  2 orc priests
  A jelly (D:5)
  5 hounds
  A gnoll bouda (D:8)
  3 iguanas
  3 sleepcaps
  Ijyb (D:2)
  Terence (D:1)
  Natasha (thrice) (D:4)
  7 orc wizards
  12 gnolls
  4 adders
  3 shadow imps
  3 white imps
  3 ufetubi (D:8)
  A worm (D:2)
  18 orcs
  7 ball pythons
  7 endoplasms
  3 giant cockroaches
  5 goblins
  9 hobgoblins
  3 quokkas
  7 bats
  3 frilled lizards
  10 kobolds
  3 rats
149 creatures vanquished.

Notes
Turn   | Place    | Note
-------+----------+-------------------------------------------
     0 | D:1      | browni3141 the Ogre Warper began the quest for the Orb.
     0 | D:1      | Reached XP level 1. HP: 22/22 MP: 3/3
    43 | D:1      | Reached skill level 3 in Fighting
   185 | D:1      | Reached XP level 2. HP: 28/31 MP: 5/5
   582 | D:1      | Reached skill level 4 in Fighting
   763 | D:1      | Reached XP level 3. HP: 39/39 MP: 6/6
   835 | D:2      | Learned a level 2 spell: Blink
   838 | D:2      | Learned a level 2 spell: Lesser Beckoning
  1107 | D:2      | Found a faded altar of an unknown god.
  1108 | D:2      | Noticed Terence
  1849 | D:2      | Reached XP level 4. HP: 43/49 MP: 7/7
  2062 | D:2      | Identified the +1 robe of Perpetual Drought {Str+6 Int-2}
  2093 | D:2      | Reached skill level 5 in Fighting
  2099 | D:2      | Learned a level 3 spell: Teleport Other
  2404 | D:3      | Noticed Ijyb
  2437 | D:3      | HP: 2/50 [constriction (5)]
  2626 | D:2      | Killed Ijyb
  2865 | D:1      | Killed Terence
  2866 | D:1      | Reached XP level 5. HP: 44/57 MP: 5/9
  3009 | D:3      | Reached skill level 3 in Maces & Flails
  3106 | D:3      | Found a burning altar of Makhleb.
  3363 | D:3      | Reached skill level 3 in Translocations
  3941 | D:3      | Noticed a phantom
  3951 | D:3      | Killed a phantom
  3952 | D:3      | Reached skill level 3 in Spellcasting
  3952 | D:3      | Reached XP level 6. HP: 58/66 MP: 10/10
  4096 | D:4      | Found an ornate altar of the Wu Jian Council.
  4096 | D:4      | Found a glowing golden altar of the Shining One.
  4098 | D:4      | Found a stormy altar of Qazlal.
  4098 | D:4      | Found a basalt altar of Yredelemnul.
  4098 | D:4      | Found a white marble altar of Elyvilon.
  4100 | D:4      | Found an iron altar of Okawaru.
  4101 | D:4      | Found a shimmering altar of Xom.
  4113 | D:4      | Became a worshipper of Warmaster Okawaru
  4718 | D:4      | Found a staircase to the Ecumenical Temple.
  5024 | D:4      | Noticed Natasha
  5030 | D:4      | Killed Natasha
  5031 | D:4      | Reached skill level 3 in Dodging
  5031 | D:4      | Reached XP level 7. HP: 67/74 MP: 12/12
  5566 | D:4      | Noticed Natasha
  5571 | D:4      | Killed Natasha
  5580 | D:4      | Found a white marble altar of Elyvilon.
  5710 | D:4      | Noticed Natasha
  5722 | D:4      | Killed Natasha
  6189 | D:4      | Found a staircase to the Ecumenical Temple.
  6529 | Temple   | Entered the Ecumenical Temple
  6710 | D:5      | Entered Level 5 of the Dungeon
  6850 | D:5      | Reached * piety under Okawaru
  6851 | D:5      | Reached skill level 6 in Fighting
  7664 | D:6      | Reached XP level 8. HP: 82/84 MP: 14/14
  8056 | D:6      | Reached skill level 7 in Fighting
  8224 | D:6      | Found a shimmering blue altar of Sif Muna.
  8363 | D:6      | Found a sacrificial altar of Ru.
  8448 | D:7      | Reached skill level 6 in Maces & Flails
  8452 | D:7      | Learned a level 3 spell: Vhi's Electric Charge
  8457 | D:7      | Learned a level 4 spell: Manifold Assault
  8459 | D:7      | Learned a level 1 spell: Apportation
  8695 | D:7      | Reached ** piety under Okawaru
  9342 | D:7      | Noticed a vampire
  9492 | D:7      | Reached XP level 9. HP: 84/94 MP: 16/16
 10401 | D:8      | Reached skill level 8 in Fighting
 10425 | D:8      | Noticed Prince Ribbit
 10445 | D:8      | Killed Prince Ribbit
 10761 | D:8      | Noticed a two-headed ogre
 10776 | D:8      | Killed a two-headed ogre
 10776 | D:8      | Reached *** piety under Okawaru
 10777 | D:8      | Reached skill level 6 in Spellcasting
 11394 | D:9      | Noticed a hornet
 11402 | D:9      | Paralysed by a hornet for 1 turns
 11403 | D:9      | Killed a hornet
 11404 | D:9      | Reached skill level 9 in Fighting
 11407 | D:9      | Reached XP level 10. HP: 24/107 MP: 19/19
 11408 | D:9      | HP: 4/107 [killer bee (8)]
 11416 | D:9      | HP: 4/107 [killer bee (7)]
 11422 | D:9      | HP: 4/107 [killer bee (8)]
 11422 | D:9      | Slain by a killer bee

Illustrated notes

Levels and vault maps discovered:
D:1:      tarquinn_simple_flora_water_e, layout_basic
D:2:      layout_basic, shapermc_ecumenical_altar_rom_forum, st_stairs_4,
          uniq_terence
D:3:      layout_basic, mainiacjoe_overflow_brackets, minmay_hedge_maze,
          uniq_ijyb
D:4:      layout_loops_corners, grunt_temple_overflow_open,
          minmay_temple_entry_stoned_glass, uniq_natasha
D:5:      layout_basic
D:6:      layout_cave_pools, nicolae_ru_path_of_blood,
          mainiacjoe_overflow_six_doors_small, reono_crystal_passage
D:7:      layout_loops_corners
D:8:      layout_cave_pools, serial_demonic, serial_demonic_c, serial_demonic_b,
          serial_demonic_e, serial_demonic_e, serial_demonic_f,
          uniq_prince_ribbit1
D:9:      layout_loops_corners, lair_entry_dummy, uniq_psyche, uniq_joseph
Temple:   hellmonk_temple_forest_ring

Skill      XL: |  1  2  3  4  5  6  7  8  9 |
---------------+----------------------------+-----
Fighting       | 3 4 5 6 7 9 |  9.3
Maces & Flails | 2 3 4 6 8 |  8.7
Translocations | 3 |  3.0
Stealth        | 1 2 |  2.0
Spellcasting   | 3 4 6 |  6.0
Dodging        | 3 4 5 |  5.0
Throwing       | |  1.0

Action                     |  1- 3 |  4- 6 |  7- 9 | 10-12 || total
---------------------------+-------+-------+-------+-------++-------
  Melee: Mace              |    19 |    45 |       |       ||    64
         Whip              |   137 |    60 |   278 |     5 ||   480
         Punch             |     3 |     3 |     6 |       ||    12
         Flail             |       |    80 |    21 |       ||   101
  Throw: Stone             |     5 |       |       |       ||     5
         Boomerang         |     7 |    42 |    17 |       ||    66
         Dart              |       |       |     6 |       ||     6
         Large rock        |       |       |     2 |     1 ||     3
   Cast: Blink             |     1 |    11 |     2 |       ||    14
         Lesser Beckoning  |       |       |     4 |       ||     4
         Manifold Assault  |       |       |     5 |       ||     5
         Teleport Other    |       |       |       |     3 ||     3
         Vhi's Electric Ch |       |       |       |     2 ||     2
 Invoke: Heroism           |       |       |     1 |     1 ||     2
  Evoke: Wand              |       |       |     2 |       ||     2
    Use: Scroll            |       |     1 |       |       ||     1
         Potion            |       |       |       |     6 ||     6
   Stab: Sleeping          |       |     1 |     2 |       ||     3
         Distracted        |       |       |     1 |       ||     1
         Invisible         |       |       |     1 |       ||     1
 Armour: Robe              |    55 |    53 |    61 |     4 ||   173
  Dodge: Dodged            |   100 |    80 |   156 |    11 ||   347
